 Dungeon Crawl Stone Soup version 0.21.1-1-g345015f (webtiles) character file.

645 Fang the Chopper (level 7, -5/44 HPs)
             Began as a Gargoyle Berserker on June 28, 2018.
             Was a Priest of Trog.
             Slain by DCrawler215's ghost (8 damage)
             ... on level 5 of the Dungeon on June 29, 2018.
             The game lasted 00:10:40 (4143 turns).

Fang the Chopper (Gargoyle Berserker)               Turns: 4143, Time: 00:10:41

Health: -5/44      AC:  9    Str: 22    XL:     7   Next: 52%
Magic:  7/7        EV: 13    Int:  8    God:    Trog [***...]
Gold:   174        SH:  0    Dex:  9    Spells: 6/6 levels left

rFire    . . .     SeeInvis .   a - +0 hand axe
rCold    . . .     Gourm    .   (no shield)
rNeg     + . .     Faith    .   b - +0 animal skin
rPois    ∞         Spirit   .   (no helmet)
rElec    +         Reflect  .   (no cloak)
rCorr    .         Harm     .   (no gloves)
MR       .....                  (no boots)
Stlth    ++........             (no amulet)
HPRegen  0.14/turn              q - +2 ring of protection
MPRegen  0.10/turn              (no ring)

@: berserk cooldown
A: negative energy resistance 1, electricity resistance, unbreathing,
petrification resistance, rot immunity, AC +4
a: Berserk, Trog's Hand, Burn Spellbooks, Renounce Religion


You were on level 5 of the Dungeon.
You worshipped Trog.
Trog was most pleased with you.
You were near starving.

You visited 1 branch of the dungeon, and saw 5 of its levels.

You collected 174 gold pieces.

Inventory:

Hand Weapons
 a - a +0 hand axe (weapon)
Armour
 b - a +0 animal skin (worn)
Jewellery
 q - a +2 ring of protection (left hand)
Wands
 l - a wand of digging (20)
Scrolls
 d - a scroll of remove curse {unknown}
 e - a scroll of magic mapping {unknown}
 h - a scroll of fog {unknown}
 i - 2 scrolls of blinking {unknown}
 j - 9 scrolls of identify {unknown}
 k - 3 scrolls of amnesia {unknown}
 n - a scroll of enchant armour {unknown}
 o - a scroll of fear {unknown}
 p - 3 scrolls of teleportation {unknown}
Potions
 f - a potion of magic {unknown}
 m - a potion of agility
 r - 2 potions of haste {unknown}
 s - 2 potions of mutation {unknown}
Comestibles
 c - 10 rations


   Skills:
 + Level 5.1 Fighting
 + Level 5.7 Axes
 + Level 2.3 Armour
 + Level 3.4 Dodging
 + Level 2.0 Stealth


You had 6 spell levels left.
You didn't know any spells.

Dungeon Overview and Level Annotations

Branches:
Dungeon (5/15)
 Temple: D:4-7

Altars:
Cheibriados
Elyvilon
Hepliaklqana
Makhleb
Nemelex Xobeh
Ru
Yredelemnul

Annotations:
D:5 DCrawler215's ghost, novice TrWz


Innate Abilities, Weirdness & Mutations

You are resistant to torment.
Your stone body is resilient. (AC +4)
You are immune to poison.
You resist negative energy. (rN+)
You are resistant to electric shocks. (rElec)
You can survive without breathing.
You are immune to petrification.
You are immune to rotting.


Message History

You barely miss DCrawler215's ghost.
You feel yourself speed up. DCrawler215's ghost hits you!
* * * LOW HITPOINT WARNING * * *
You hit DCrawler215's ghost.
You feel less wooden.
Your +0 animal skin unmelds from your body.
DCrawler215's ghost hits you.
* * * LOW HITPOINT WARNING * * *
You hit DCrawler215's ghost but do no damage.
DCrawler215's ghost gestures at you while chanting.
The magic dart hits you!
You hit DCrawler215's ghost.
DCrawler215's ghost gestures at you while chanting.
The magic dart hits you!
* * * LOW HITPOINT WARNING * * *
You hit DCrawler215's ghost. DCrawler215's ghost barely misses you.
You hit DCrawler215's ghost but do no damage.
DCrawler215's ghost hits you!
You die...

#.###..# #.....# #.#
#..# #...#...
#.###.###..# #..## #
#..........#######.##
#####.####.........#
#....#########.#
####.# ##'## #.#
##...## #@# ##.....##
#...W.)# ##.......##
#.##...# #.........#
..... +.......>.+
##...## #.........#
....# ##.......##
###.# ##......# .#
##...#.## #...)..#


You could see DCrawler215's ghost.

Vanquished Creatures
  The ghost of Glennnyy the Covered, an amateur MiFi (D:3)
  A scorpion (D:4)
  A hound (D:4)
  A human zombie (D:5)
  A bullfrog skeleton (D:5)
  An orc priest (D:3)
  An iguana (D:4)
  2 orc wizards
  4 worker ants
  8 adders
  4 gnolls (D:5)
  3 worms
  2 dart slugs
  5 leopard geckos
  7 orcs (D:3)
  10 giant cockroaches
  7 hobgoblins
  3 jackals (D:3)
  7 kobolds
  A quokka (D:3)
  4 bats
  5 frilled lizards
  8 goblins
  A goblin zombie (D:5)
  7 rats
95 creatures vanquished.

Vanquished Creatures (others)
  An iguana (D:5)
  A leopard gecko (D:3)
  A quokka (D:3)
  A ball python (D:3)
4 creatures vanquished.

Grand Total: 99 creatures vanquished

Notes
Turn   | Place    | Note
-------+----------+-------------------------------------------
     0 | D:1      | Fang the Gargoyle Berserker began the quest for the Orb.
     0 | D:1      | Reached XP level 1. HP: 14/14 MP: 1/1
   253 | D:1      | Reached XP level 2. HP: 11/19 MP: 2/2
   881 | D:2      | Reached XP level 3. HP: 20/24 MP: 3/3
  1277 | D:2      | Reached ** piety under Trog
  1310 | D:2      | Reached XP level 4. HP: 19/29 MP: 4/4
  1875 | D:2      | Found a sacrificial altar of Ru.
  1904 | D:2      | Reached XP level 5. HP: 26/33 MP: 5/5
  2301 | D:3      | Found a white marble altar of Elyvilon.
  2388 | D:3      | Reached skill level 1 in Stealth
  2474 | D:3      | Reached XP level 6. HP: 39/39 MP: 6/6
  2629 | D:3      | Reached *** piety under Trog
  2794 | D:3      | Noticed Glennnyy's ghost (amateur MiFi)
  2807 | D:3      | Killed Glennnyy's ghost
  3083 | D:3      | Reached skill level 5 in Axes
  3347 | D:4      | Reached XP level 7. HP: 15/44 MP: 7/7
  3711 | D:4      | Found a snail-covered altar of Cheibriados.
  3712 | D:4      | Found a hazy altar of Hepliaklqana.
  3714 | D:4      | Found a sparkling altar of Nemelex Xobeh.
  3781 | D:4      | Found a burning altar of Makhleb.
  3799 | D:4      | Reached skill level 5 in Fighting
  3944 | D:5      | Entered Level 5 of the Dungeon
  4001 | D:5      | Found a runed door.
  4001 | D:5      | Found a basalt altar of Yredelemnul.
  4001 | D:5      | Noticed a human
  4102 | D:5      | Noticed DCrawler215's ghost (novice TrWz)
  4143 | D:5      | Slain by DCrawler215's ghost

Skill      XL: |  1  2  3  4  5  6  7 |
---------------+----------------------+-----
Axes           | 3 4 5 |  5.7
Fighting       | 4 5 |  5.1
Dodging        | 2 3 |  3.4
Stealth        | 1 2 |  2.0
Armour         | |  2.3

Action                   |  1- 3 |  4- 6 |  7- 9 || total
-------------------------+-------+-------+-------++-------
Melee: Hand axe          |   128 |   178 |    86 ||   392
Invok: Berserk           |     2 |     4 |     1 ||     7
       Burn Spellbooks   |       |     1 |       ||     1
  Use: Potion            |       |       |     1 ||     1
 Stab: Sleeping          |       |     1 |     1 ||     2
       Invisible         |       |     1 |       ||     1
       Paralysed         |       |     1 |       ||     1
  Eat: Chunk             |     2 |    10 |     3 ||    15
Armor: Animal skin       |    33 |    69 |    31 ||   133
       Skin              |       |       |    25 ||    25
Dodge: Dodged            |    78 |   132 |    63 ||   273
